 Dungeon Crawl Stone Soup version 0.14-a0-882-gdff4d47 (webtiles) character file.

7711 4tharraofdagon the Cleaver (level 10, -20/92 HPs)
             Began as a Deep Dwarf Fighter on Nov 15, 2013.
             Was the Champion of Makhleb.
             Killed from afar by a deep elf conjurer (25 damage)
             ... with a bolt of fire
             ... on Level 1 of the Elven Halls on Nov 16, 2013.
             The game lasted 00:27:39 (3451 turns).

4tharraofdagon the Cleaver (Deep Dwarf Fighter)     Turns: 3451, Time: 00:27:40

HP -20/92        AC 14     Str 23      XL: 10   Next: 81%
MP  21/21        EV  4     Int  9      God: Makhleb [******]
Gold 755         SH  0     Dex 12      Spells:  0 memorised,  9 levels left

Res.Fire  : . . .   See Invis. : .   g - +1,+2 orc war axe (elec)
Res.Cold  : . . .   Warding    : .   R - +0 orc plate armour
Life Prot.: + . .   Conserve   : .   c - +0 dwarf shield
Res.Poison: +       Res.Corr.  : .   (no helmet)
Res.Elec. : .       Clarity    : .   (no cloak)
Sust.Abil.: . .     Spirit.Shd : .   (no gloves)
Res.Mut.  : .       Stasis     : .   (no boots)
Res.Rott. : .       Flight     : .   e - amulet of rage
Saprovore : . . .                    T - ring of poison resistance
                                     v - ring of positive energy

@: non-regenerating, confused, exhausted, slowed, drained, very slow, quite
resistant to hostile enchantments, extremely unstealthy
A: damage resistance, recharge devices, sense surroundings 2, slow healing 3
a: Device Recharging, Minor Destruction, Lesser Servant of Makhleb, Major
Destruction, Greater Servant of Makhleb, Renounce Religion, Evoke Berserk Rage


You were on level 1 of the Elven Halls.
You worshipped Makhleb.
Makhleb was exalted by your worship.
You were hungry.

You visited 3 branches of the dungeon, and saw 13 of its levels.
You also visited: Sewer and Ice Cave.

You collected 955 gold pieces.
You spent 200 gold pieces at shops.

Inventory:

Hand weapons
 a - a +0,+0 dwarven hand axe
 g - a +1,+2 orcish war axe of electrocution (weapon)
 z - a cursed +0,+1 orcish hand axe
 A - a -1,+0 orcish club
 J - a +2 blowgun
 K - a +1,+3 orcish hand axe of venom
 P - a +2,+3 battleaxe
 S - a +3,+2 war axe of freezing
Missiles
 s - 2 poisoned darts (quivered)
 H - 4 exploding darts
Armour
 b - a +0 dwarven scale mail
 c - a +0 dwarven shield (worn)
 C - a +0 orcish chain mail
 R - a +0 orcish plate armour (worn)
Magical devices
 d - a wand of heal wounds (3)
 n - a wand of frost (9)
 M - a wand of disintegration (5)
 Q - a wand of flame (12)
Comestibles
 f - 4 bread rations
 h - 2 meat rations
 i - 2 rotting chunks of orc flesh
 o - a chunk of orc flesh
 w - a slice of pizza
Scrolls
 j - a scroll of curse armour {unknown}
 k - 3 scrolls of blinking
 r - a scroll of magic mapping
 t - 2 scrolls of remove curse
 B - a scroll of amnesia {unknown}
 E - a scroll of enchant weapon II {unknown}
Jewellery
 e - an amulet of rage (around neck)
 p - an uncursed amulet of warding {unknown}
 q - a +4 ring of intelligence
 v - a ring of positive energy (left hand)
 N - an uncursed amulet of warding {unknown}
 T - a ring of poison resistance (right hand)
Potions
 m - 6 potions of curing
 D - 2 potions of paralysis
 F - a potion of agility
 G - 3 potions of brilliance
 I - 2 potions of flight
Magical staves
 y - an uncursed staff of earth {unknown}


   Skills:
 + Level 7.6(7.1) Fighting
 * Level 11.8(11.3) Axes
 + Level 9.3(8.8) Armour
 - Level 3.2(2.8) Shields
 * Level 1.6(1.2) Invocations
 - Level 8.5(8.0) Evocations


You had 9 spell levels left.
You didn't know any spells.

Dungeon Overview and Level Annotations

Branches:
Dungeon (8/16)             Temple (0/1) D:4             Orc (4/4) D:8
    Elf (1/3) Orc:4
   Lair: D:8-13

Altars:
Elyvilon
Makhleb
Trog

Shops:
D:6 +   D:8 =


Innate Abilities, Weirdness & Mutations

You are resistant to damage.
You can recharge devices by infusing magical energy.
You passively map the area around you.
You do not heal naturally.


Message History

Ouch!
The deep elf fighter hits you with an elven scimitar!
* * * LOW HITPOINT WARNING * * *
The deep elf conjurer points at you and mumbles some strange words.
The bolt of fire hits you!
One of your 3 scrolls of remove curse catches fire!
* * * LOW HITPOINT WARNING * * *
The deep elf knight casts a spell at you.
You resist.
Unknown command.
Unknown command.
You feel a strong urge to attack something.
You are no longer berserk.
You are exhausted.
You feel yourself slow down.
You are feeling hungry.
The deep elf conjurer casts a spell at you.
The bolt of fire hits you!
Your scroll labeled XASHRA HAONEWOU catches fire!
You die...

* ##.(...## ,
**########'####### ,
* .....#.....#.....
* ,,
......#..<..#..... ,
...⌠..'..*..'..⌠..,,
, ......#.eee.#....
*
......#.eeee#.....,
#########'####### ,
##.@e..##* * ,
#.....# , , #..⌠..#
, *** , #.....# *
#.....# * #.###.. ,*
** ,.. , #.#* * , ,,
#. ,,., , , * , # *
, ,,


You could see a deep elf knight, 2 deep elf conjurers, 4 deep elf fighters and a
deep elf mage.

Vanquished Creatures
  Joseph (Orc:2)
  An orc knight (Orc:2)
  A deep elf summoner (Elf:1)
  Psyche (Orc:1)
  A trapdoor spider zombie (D:7)
  7 necrophages (D:7)
  A hippogriff (D:7)
  2 black bears (D:6)
  5 ice beasts (IceCv)
  10 orc warriors
  A phantom (D:7)
  A centaur (D:8)
  2 ogres
  3 wargs
  3 big kobolds (Sewer)
  2 elephant simulacra (IceCv)
  A hippogriff zombie (D:7)
  6 wights (D:7)
  2 jellies
  A giant frog zombie (D:7)
  12 orc priests
  2 centaur zombies (D:7)
  A hound (D:3)
  A black bear skeleton (D:6)
  3 worker ants
  10 orc wizards
  2 wolf simulacra (IceCv)
  Ijyb (D:3)
  A mummy (D:7)
  A worker ant zombie (D:7)
  4 gnolls (D:6)
  10 adders
  5 white imps (IceCv)
  A giant mite (D:4)
  A green rat (Sewer)
  3 worms
  A scorpion zombie (D:6)
  An adder skeleton (D:4)
  19 grey rats (Sewer)
  A giant eyeball (D:7)
  5 giant geckos
  2 oozes
  81 orcs
  9 giant cockroaches
  9 goblins
  12 hobgoblins
  4 jackals (D:2)
  22 kobolds
  2 quokkas (D:4)
  8 ball pythons
  10 bats
  A giant newt (Sewer)
  A giant spore (D:7)
  2 hobgoblin zombies
  12 rats
  A rat skeleton (D:5)
  3 ballistomycetes
316 creatures vanquished.

Vanquished Creatures (others)
  A giant spore (D:6)
1 creature vanquished.

Grand Total: 317 creatures vanquished

Notes
Turn   | Place    | Note
--------------------------------------------------------------
     0 | D:1      | 4tharraofdagon, the Deep Dwarf Fighter, began the quest for the Orb.
     0 | D:1      | Reached XP level 1. HP: 21/21 MP: 0/0
    72 | D:1      | Reached XP level 2. HP: 22/28 MP: 1/1
   226 | D:2      | Found a burning altar of Makhleb.
   229 | D:2      | Became a worshipper of Makhleb the Destroyer
   240 | D:2      | Reached skill level 1 in Evocations
   296 | D:2      | Found a white marble altar of Elyvilon.
   308 | D:2      | Reached XP level 3. HP: 27/36 MP: 2/2
   462 | D:2      | Acquired Makhleb's first power
   469 | D:2      | Reached XP level 4. HP: 43/43 MP: 4/4
   659 | D:4      | Reached skill level 4 in Axes
   674 | D:4      | Noticed an orc warrior
   728 | D:3      | Reached XP level 5. HP: 48/50 MP: 4/6
   736 | D:3      | Noticed Ijyb
   746 | D:3      | Killed Ijyb
   794 | D:4      | Acquired Makhleb's second power
   796 | D:4      | Found a staircase to the Ecumenical Temple.
   881 | D:4      | Killed an orc warrior
   881 | D:4      | Reached skill level 5 in Axes
   881 | D:4      | Reached XP level 6. HP: 40/57 MP: 6/8
  1071 | D:4      | Found a glowing drain.
  1082 | Sewer    | Entered a sewer
  1141 | Sewer    | Acquired Makhleb's third power
  1211 | Sewer    | Reached XP level 7. HP: 50/64 MP: 11/11
  1294 | Sewer    | Reached skill level 5 in Armour
  1363 | Sewer    | Acquired Makhleb's fourth power
  1420 | Sewer    | Reached skill level 6 in Axes
  1420 | Sewer    | Reached skill level 5 in Evocations
  1573 | D:5      | Entered Level 5 of the Dungeon
  1797 | D:6      | Found Chiutt's Book Shop.
  1844 | D:7      | Reached XP level 8. HP: 38/73 MP: 14/14
  1871 | D:7      | Reached skill level 7 in Axes
  1912 | D:7      | Reached skill level 5 in Fighting
  1929 | D:7      | Acquired Makhleb's fifth power
  1985 | D:7      | Reached skill level 8 in Axes
  2060 | D:7      | Gained mutation: You passively map the area around you. [level up]
  2060 | D:7      | Reached XP level 9. HP: 37/81 MP: 18/18
  2121 | D:6      | Found a bloodstained altar of Trog.
  2161 | D:7      | Reached skill level 9 in Axes
  2257 | D:8      | Found Kluagg's Jewellery Shoppe.
  2284 | D:8      | hurdos: teash
  2284 | D:8      | Bought an uncursed ring of poison resistance for 200 gold pieces
  2297 | D:8      | blah
  2306 | D:8      | Found a staircase to the Orcish Mines.
  2315 | Orc:1    | Entered Level 1 of the Orcish Mines
  2334 | Orc:1    | Found a frozen archway.
  2344 | IceCv    | Entered an ice cave
  2436 | IceCv    | Reached skill level 10 in Axes
  2546 | Orc:1    | Reached XP level 10. HP: 44/91 MP: 21/21
  2601 | Orc:1    | Noticed Psyche
  2614 | Orc:1    | Killed Psyche
  2684 | Orc:2    | Noticed Joseph
  2695 | Orc:2    | Killed Joseph
  2778 | Orc:2    | Reached skill level 11 in Axes
  2852 | Orc:2    | Noticed an orc knight
  2860 | Orc:2    | Killed an orc knight
  2942 | Orc:1    | Upgraded the game from 0.14-a0-852-g0ba292f to 0.14-a0-882-gdff4d47
  3317 | Orc:4    | Entered Level 4 of the Orcish Mines
  3317 | Orc:4    | Found a staircase to the Elven Halls.
  3434 | Elf:1    | Entered Level 1 of the Elven Halls
  3434 | Elf:1    | Noticed a deep elf conjurer
  3434 | Elf:1    | Noticed a deep elf knight
  3440 | Elf:1    | Noticed a deep elf conjurer
  3446 | Elf:1    | Reached skill level 1 in Invocations
  3451 | Elf:1    | Killed from afar by a deep elf conjurer

Action                   |  1- 3 |  4- 6 |  7- 9 | 10-12 || total
-------------------------+-------+-------+-------+-------++-------
Melee: Hand axe          |   111 |   178 |   297 |       ||   586
       War axe           |       |       |    62 |   152 ||   214
       Battleaxe         |       |       |    28 |       ||    28
Throw: Dart              |       |       |     2 |       ||     2
 Abil: Evoke Berserk Rag |       |     1 |     2 |     4 ||     7
Evoke: Wand              |     2 |       |     7 |     3 ||    12
  Use: Potion            |       |     1 |     3 |     8 ||    12
       Scroll            |       |       |     5 |     7 ||    12
